 Dungeon Crawl Stone Soup version 0.27.0-65-ge2af304b15 (webtiles) character file.

Game seed: 4635774094138716590

37 Crownlay the Chopper (level 3, -2/31 HPs)
             Began as a Hill Orc Fighter on Aug 18, 2021.
             Slain by a gnoll (4 damage)
             ... on level 2 of the Dungeon.
             The game lasted 00:01:05 (1050 turns).

Crownlay the Chopper (Hill Orc Fighter)             Turns: 1050, Time: 00:01:05

Health: -2/31      AC:  6    Str: 19    XL:     3   Next: 41%
Magic:  3/3        EV:  9    Int:  8    God:
Gold:   42         SH:  0    Dex: 10    Spells: 2/2 levels left

rFire    . . .     SeeInvis .   a - +0 war axe
rCold    . . .     Faith    .   (no shield)
rNeg     . . .     Spirit   .   b - +0 scale mail
rPois    .         Reflect  .   (no helmet)
rElec    .         Harm     .   (no cloak)
rCorr    .         Rampage  .   (no gloves)
Will     .....                  (no boots)
Stlth    ..........             (no amulet)
HPRegen  0.10/turn              (no ring)
MPRegen  0.08/turn              (no ring)

@: mighty
A: no striking features
a: no special abilities


You were on level 2 of the Dungeon.
You visited 1 branch of the dungeon, and saw 2 of its levels.

You collected 42 gold pieces.

Inventory:

Hand Weapons
 a - a +0 war axe (weapon)
Armour
 b - a +0 scale mail (worn)
 c - a +0 kite shield
Jewellery
 f - a ring of wizardry
Scrolls
 e - 3 scrolls of identify {unknown}
 i - 2 scrolls of teleportation {unknown}
 j - a scroll of vulnerability {unknown}
Potions
 g - a potion of curing {unknown}
 h - a potion of berserk rage {unknown}


   Skills:
 - Level 3.6 Fighting
 + Level 5.0 Axes
 - Level 3.2 Armour
 - Level 3.2 Shields


You had 2 spell levels left.
You didn't know any spells.
Your spell library contained the following spells:

 Spells                   Type           Power      Damage    Failure   Level
 Magic Dart               Conj           0%         1d3       77%         1
 Call Imp                 Summ           0%         N/A       88%         2
 Mephitic Cloud           Conj/Pois/Air  0%         N/A       98%         3


Dungeon Overview and Level Annotations

Branches:
Dungeon (2/15)

Altars:


Message History

A jackal comes into view.
You miss the adder.
You feel sick.
The jackal barks!
The adder bites you.
You barely miss the adder.
You feel sick. The adder bites you but does no damage.
A ball python comes into view.
The adder bites you.
You are more poisoned.
The adder poisons you!
You closely miss the adder.
You feel very sick.
The ball python hisses angrily.
The adder bites you but does no damage. The adder closely misses you.
You slash the adder!
The adder is severely wounded.
You feel sick. The adder bites you.
You barely miss the adder.
The adder is severely wounded.
You feel sick.
The adder bites you but does no damage. x2
You closely miss the adder.
The adder is severely wounded.
You feel sick. The adder barely misses you.
The adder bites you but does no damage.
You slice the adder!!
You kill the adder!
You feel sick.
The jackal bites you but does no damage.
Your Axes skill increases to level 5!
You closely miss the jackal.
You feel sick.
You are no longer poisoned.
The jackal bites you but does no damage.
The gnoll hits you from afar with a +0 spear.
* * * LOW HITPOINT WARNING * * *
The jackal bites you.
* * * LOW HITPOINT WARNING * * *
You slash the jackal!
You kill the jackal!
The gnoll hits you from afar with a +0 spear.
You die...

.........#
###.####.######
#......######
#...........#
##..........#
+..........# #
#......[...#
...#g##..........#
..Sghg'@...>.....#
...hS##..........#
..# #.##.......#
#.###.....## #.#
#.....# ..#
#.....# #.#
#.....# #.#
####### ...


You could see 3 gnolls, an adder, 2 jackals and a ball python.

Vanquished Creatures
  An adder (D:2)
  A dart slug (D:1)
  A bat (D:1)
  4 endoplasms (D:1)
  3 giant cockroaches
  A goblin (D:1)
  2 hobgoblins (D:1)
  A jackal (D:2)
  2 quokkas (D:1)
  4 ball pythons (D:1)
  A frilled lizard (D:1)
  5 rats (D:1)
26 creatures vanquished.

Notes
Turn   | Place    | Note
-------+----------+-------------------------------------------
     0 | D:1      | Crownlay the Hill Orc Fighter began the quest for the Orb.
     0 | D:1      | Reached XP level 1. HP: 19/19 MP: 1/1
    15 | D:1      | Reached skill level 3 in Axes
    89 | D:1      | Reached XP level 2. HP: 19/26 MP: 2/2
   191 | D:1      | Reached skill level 4 in Axes
   740 | D:1      | Reached XP level 3. HP: 29/31 MP: 3/3
  1049 | D:2      | Reached skill level 5 in Axes
  1050 | D:2      | Slain by a gnoll

Illustrated notes

Levels and vault maps discovered:
D:1:      dpeg_arrival_pits, layout_basic
D:2:      layout_basic, chequers_serial_rivers_large_b, uniq_robin

Skill      XL: |  1  2  3 |
---------------+----------+-----
Axes           | 3 4 5 |  5.0
Fighting       | |  3.6
Armour         | |  3.2
Shields        | |  3.2

Action                   || total
-------------------------++-------
Melee: War axe           ||    57
  Use: Potion            ||     1
Armor: Scale mail        ||    29
Dodge: Dodged            ||    30
